 Dungeon Crawl Stone Soup version 0.17.1-3-g152610e (webtiles) character file.

21 Gargoyl the Skirmisher (level 2, -1/24 HPs)
             Began as a Demonspawn Abyssal Knight on Apr 6, 2016.
             Was a Follower of Lugonu.
             Slain by Sigmund
             ... wielding a +0 scythe
              (6 damage)
             ... on level 2 of the Dungeon.
             The game lasted 00:02:00 (1120 turns).

Gargoyl the Skirmisher (Demonspawn Abyssal Knight)  Turns: 1120, Time: 00:02:00

Health: -1/24      AC:  4    Str: 12    XL:     2   Next: 65%
Magic:  4/4        EV: 10    Int: 13    God:    Lugonu [*.....]
Gold:   140        SH:  0    Dex: 14    Spells: 0 memorised, 1 level left

rFire  + . .     SeeInvis .     a - +1 hand axe
rCold  + . .     Clarity  .     b - +0 leather armour
rNeg   . . .     SustAt   .     h - +0 buckler
rPois  +         Gourm    .     d - +1 hat
rElec  +         Spirit   .     (no cloak)
rCorr  +         Warding  .     (no gloves)
rMut   .         Stasis   .     (no boots)
MR     .....                    (no amulet)
Stlth  +.........               (no ring)
                                (no ring)

@: confused, resistant, not resistant to hostile enchantments, very unstealthy
A: agile 1, rot immunity
a: Depart the Abyss, Renounce Religion


You were on level 2 of the Dungeon.
You worshipped Lugonu.
Lugonu was aware of your devotion.
You were not hungry.

You visited 1 branch of the dungeon, and saw 2 of its levels.
You visited the Abyss 1 time.

You collected 140 gold pieces.

Inventory:

Hand Weapons
 a - a +1 hand axe (weapon)
Armour
 b - a +0 leather armour (worn)
 d - a +1 hat (worn)
 h - a +0 buckler (worn)
Jewellery
 j - an uncursed ring of protection from cold {unknown}
Scrolls
 e - a scroll of remove curse {unknown}
 i - a scroll of enchant armour {unknown}
Potions
 f - a potion of resistance
Comestibles
 c - a bread ration
 k - a slice of pizza
 m - a chunk of flesh


   Skills:
 + Level 3.5 Fighting
 + Level 1.9 Axes
 + Level 1.9 Armour
 + Level 1.0 Dodging
 + Level 0.2 Stealth
 + Level 2.9 Invocations


You had one spell level left.
You didn't know any spells.

Dungeon Overview and Level Annotations

Branches:
Dungeon (2/15)

Altars:

Annotations:
D:2 Sigmund


Innate Abilities, Weirdness & Mutations

You are immune to rotting.
You are agile. (Dex +2)


Message History

Your system partially rejects artificial healing.
Your system completely accepts artificial healing.
Something hits you.
The hobgoblin moves out of view.
Drink which item? (? for menu, Esc to quit)
Okay, then.
You miss something. Something hits you.
Drink which item? (? for menu, Esc to quit)
You feel much better.
You barely miss something. Something hits you!
The hobgoblin shouts!
You hit something. Something hits you!
* * * LOW HITPOINT WARNING * * *
You block the hobgoblin's attack.
You hit the hobgoblin but do no damage. You hit something.
You hear some strange, mumbled words.
You are confused.
The hobgoblin hits you but does no damage.
Unknown command.
Something hits you.
You die...

....#.###....#.#.
# # ###........
#..........
#..........
#.......... #
###...#..#.
.##.###........
........g..#.#.
......{@...# #
...............
.........#.....
.........#.....
...............
........#......
#.......#.. +#+
#.......##+#


You could see a hobgoblin.

Vanquished Creatures
  3 giant geckos
  2 bats (D:1)
  2 goblins (D:1)
  2 hobgoblins (D:1)
  3 kobolds (D:1)
  3 giant newts (D:1)
  3 rats (D:1)
18 creatures vanquished.

Notes
Turn   | Place    | Note
--------------------------------------------------------------
     0 | Abyss:1  | Gargoyl the Demonspawn Abyssal Knight began the quest for the Orb.
     0 | Abyss:1  | Reached XP level 1. HP: 18/18 MP: 2/2
    99 | Abyss:1  | Noticed a ynoxinul
   103 | D:1      | Escaped the Abyss
   136 | D:1      | Reached * piety under Lugonu
   392 | D:1      | Gained mutation: You are immune to rotting. [demonic ancestry]
   392 | D:1      | Reached XP level 2. HP: 18/24 MP: 4/4
  1011 | D:2      | Noticed Sigmund
  1027 | D:2      | Reached skill level 1 in Dodging
  1114 | D:2      | Gained mutation: You are agile. (Dex +2) [potion of mutation]
  1114 | D:2      | Gained mutation: Potions and wands are less effective at restoring your health. [potion of mutation]
  1114 | D:2      | Lost mutation: Potions and wands are less effective at restoring your health. [potion of mutation]
  1120 | D:2      | Slain by Sigmund

Action                   || total
-------------------------++-------
Melee: Hand axe          ||    65
Invok: Depart the Abyss  ||     1
  Use: Potion            ||     4
 Stab: Sleeping          ||     1
  Eat: Chunk             ||     1
